 Dungeon Crawl Stone Soup version 0.29-a0-271-gd4eb659eea (webtiles) character file.

Game seed: 196446120393733034

48 jmlagarto the Shooter (level 3, 0/30 HPs)
             Began as a Minotaur Hunter on Mar 8, 2022.
             Slain by Sigmund
             ... wielding a +0 scythe
              (6 damage)
             ... on level 2 of the Dungeon.
             The game lasted 00:03:06 (1559 turns).

jmlagarto the Shooter (Minotaur Hunter)             Turns: 1559, Time: 00:03:06

Health: 0/30       AC:  3    Str: 16    XL:     3   Next: 50%
Magic:  2/2        EV: 12    Int:  8    God:
Gold:   49         SH:  0    Dex: 12    Spells: 2/2 levels left

rFire   + . .      SeeInvis .   a - +1 shortbow (flame)
rCold   + . .      Faith    .   (shield currently unavailable)
rNeg    . . .      Spirit   .   b - +0 leather armour
rPois   +          Reflect  .   (helmet restricted)
rElec   +          Harm     .   i - scarf {repulsion}
rCorr   +          Rampage  .   (no gloves)
Will    .....                   (no boots)
Stlth   +.........              (no amulet)
HPRegen 0.10/turn               (no ring)
MPRegen 0.08/turn               (no ring)

@: resistant, repel missiles
A: horns 2, retaliatory headbutt, deterioration 1
a: no special abilities


You were on level 2 of the Dungeon.
You visited 1 branch of the dungeon, and saw 2 of its levels.

You collected 49 gold pieces.

Inventory:

Hand Weapons
 a - a +1 shortbow of flaming (weapon)
Armour
 b - a +0 leather armour (worn)
 i - a scarf of repulsion (worn)
Potions
 e - a potion of flight {unknown}
 g - a potion of heal wounds {unknown}
 h - a potion of curing {unknown}


   Skills:
 + Level 2.6 Fighting
 + Level 5.5 Bows
 + Level 1.0 Armour
 + Level 2.4 Dodging
 + Level 0.7 Stealth


You had 2 spell levels left.
You didn't know any spells.
Your spell library was empty.

Dungeon Overview and Level Annotations

Branches:
Dungeon (2/15)

Altars:

Annotations:
D:2 Sigmund


Innate Abilities, Weirdness & Mutations

You have a pair of horns on your head.
You reflexively headbutt those who attack you in melee.
Your body sometimes deteriorates upon taking damage.


Message History

Press: ? - help, Q - select action Dir - look around, f - activate You shoot an arrow.
You hear a shout!
A goblin comes into view. It is wielding a +0 dagger.
You hear some strange, mumbled words.
You are more confused.
Something hits you.
Non-targeted confused shoot: a) +1 shortbow (flame)
Press: ? - help, Q - select action Dir - look around, f - activate You shoot an arrow.
A hobgoblin comes into view.
Unknown command.
Non-targeted confused shoot: a) +1 shortbow (flame)
Press: ? - help, Q - select action Dir - look around, f - activate You shoot an arrow.
Something hits you! The hobgoblin barely misses you.
Non-targeted confused shoot: a) +1 shortbow (flame)
Press: ? - help, Q - select action Dir - look around, f - activate Look: a hobgoblin You shoot an arrow.
The arrow hits the hobgoblin.
The arrow burns the hobgoblin.
The hobgoblin is severely wounded.
Something hits you but does no damage. The hobgoblin barely misses you.
The hobgoblin closely misses you.
You bump into the rock wall.
Something hits you!
* * * LOW HITPOINT WARNING * * *
The hobgoblin hits you but does no damage.
You clumsily bash the hobgoblin but do no damage.
The hobgoblin is severely wounded.
Something hits you.
* * * LOW HITPOINT WARNING * * *
It was a potion of mutation.
You feel extremely strange.
You feel yourself wasting away.
The hobgoblin hits you but does no damage.
The goblin hits you with a +0 dagger.
* * * LOW HITPOINT WARNING * * *
It was a potion of resistance.
You feel protected.
You feel less confused. Something hits you.
You die...

................>....#
#############.##.#<...#
#.##.# ...# #.##.# ..#
#..#.# .# ##.#.# .#
.#.# ##..# .#g#g.....
#@g{.# ####.# .# #


You could see 2 hobgoblins and a goblin.

Vanquished Creatures
  Robin (D:2)
  2 ball pythons
  2 endoplasms (D:1)
  11 goblins
  4 hobgoblins
  3 jackals (D:1)
  3 bats
  A frilled lizard (D:2)
  5 kobolds (D:1)
  2 rats
34 creatures vanquished.

Notes
Turn   | Place    | Note
-------+----------+-------------------------------------------
     0 | D:1      | jmlagarto the Minotaur Hunter began the quest for the Orb.
     0 | D:1      | Reached XP level 1. HP: 18/18 MP: 0/0
   283 | D:1      | Found a faded altar of an unknown god.
   395 | D:1      | Reached XP level 2. HP: 25/25 MP: 1/1
   410 | D:1      | Reached skill level 5 in Bows
  1015 | D:2      | Noticed Robin
  1207 | D:1      | Reached XP level 3. HP: 17/30 MP: 2/2
  1340 | D:2      | Killed Robin
  1455 | D:2      | Reached skill level 1 in Armour
  1547 | D:2      | Noticed Sigmund
  1558 | D:2      | Gained mutation: Your body sometimes deteriorates upon
                  | taking damage. [potion of mutation]
  1559 | D:2      | Slain by Sigmund

Illustrated notes

Levels and vault maps discovered:
D:1:      evilmike_arrival_rings, layout_basic,
          shapermc_ecumenical_altar_totnotflames
D:2:      layout_basic, minmay_goblin_outpost, uniq_sigmund, uniq_robin

Skill      XL: |  1  2  3 |
---------------+----------+-----
Bows           | 5 |  5.5
Armour         | 1 |  1.0
Fighting       | |  2.6
Dodging        | |  2.4
Stealth        | |  0.7

Action                   || total
-------------------------++-------
Melee: Shortbow          ||     1
 Fire: Shortbow          ||    71
  Use: Scroll            ||     2
       Potion            ||     2
Armor: Leather armour    ||    13
Dodge: Dodged            ||    41

Table legend: (Time is in decaauts)
 A = Elapsed time spent in this place.
 B = Non-inter-level travel time spent in this place.
 C = Inter-level travel time spent in this place.
 D = Time resting spent in this place.
 E = Time spent auto-exploring this place.
 F = Levels seen in this place.
 G = Mean time per level.
                   A        B        C        D        E       F      G
               +--------+--------+--------+--------+--------+-----+--------+
         Total |   1582 |   1458 |    124 |      0 |   1280 |   2 |  791.0 |
       Dungeon |   1582 |   1458 |    124 |      0 |   1280 |   2 |  791.0 |
               +--------+--------+--------+--------+--------+-----+--------+

Top non-repeatable levels by time:
     D:1: 1341 daAuts
     D:2: 240 daAuts
